 Dungeon Crawl Stone Soup version 0.25-a0-942-g87a53962fc (webtiles) character file.

Game seed: 16587548967887815563, levelgen mode: deterministic

107 Lanoc the Chopper (level 4, 0/36 (38) HPs)
             Began as a Ghoul Gladiator on May 7, 2020.
             Slain by a bullfrog (2 damage)
             ... on level 3 of the Dungeon.
             The game lasted 00:02:54 (2765 turns).

Lanoc the Chopper (Ghoul Gladiator)                 Turns: 2765, Time: 00:02:55

HP:   0/36 (38)     AC:  4    Str: 17    XL:     4   Next: 86%
MP:   0/3           EV: 12    Int:  3    God:
Gold: 141           SH:  0    Dex: 11    Spells: 3/3 levels left

rFire    . . .     SeeInvis .   a - +0 war axe
rCold    + . .     Gourm    .   (no shield)
rNeg     + + +     Faith    .   b - +0 leather armour
rPois    ∞         Spirit   +   c - +0 helmet
rElec    .         Reflect  .   (no cloak)
rCorr    .         Harm     .   (no gloves)
MR       .....                  (no boots)
Stlth    +.........             g - amulet of guardian spirit
HPRegen  0.00/turn              (no ring)
MPRegen  0.08/turn              (no ring)

@: rotting
A: rotting body, claws 1, carnivore, cold resistance 1, negative energy
resistance 3, inhibited regeneration, torment resistance, unbreathing
a: no special abilities


You were on level 3 of the Dungeon.
You were not hungry.

You visited 1 branch of the dungeon, and saw 3 of its levels.

You collected 141 gold pieces.

Inventory:

Hand Weapons
 a - a +0 war axe (weapon)
Armour
 b - a +0 leather armour (worn)
 c - a +0 helmet (worn)
Jewellery
 g - an amulet of guardian spirit (around neck)
Scrolls
 h - 7 scrolls of remove curse {unknown}
 i - a scroll of noise {unknown}
 l - a scroll of identify {unknown}
 m - 7 scrolls of amnesia {unknown}
 p - a scroll of teleportation {unknown}
Potions
 e - a potion of mutation {unknown}
 j - a potion of brilliance {unknown}
 k - a potion of stabbing {unknown}
 n - a potion of curing {unknown}
 o - a potion of haste {unknown}
 q - a potion of invisibility {unknown}
 r - a potion of resistance {unknown}
Comestibles
 f - a ration


   Skills:
 + Level 3.0 Fighting
 * Level 3.7 Axes
 - Level 1.7 Throwing
 + Level 1.5 Armour
 + Level 3.2 Dodging


You had 3 spell levels left.
You didn't know any spells.
Your spell library was empty.

Dungeon Overview and Level Annotations

Branches:
Dungeon (3/15)

Altars:
Elyvilon
Fedhas
Gozag
Nemelex Xobeh


Innate Abilities, Weirdness & Mutations

Your body is rotting away.
You thrive on raw meat.
You are immune to poison.
You have sharp fingernails.
You are carnivorous and can eat meat at any time.
Your flesh is cold resistant. (rC+)
You are immune to negative energy. (rN+++)
You do not regenerate when monsters are visible.
You are immune to unholy pain and torment.
You can survive without breathing.


Message History

The bullfrog hits you. x2
* * * LOW HITPOINT WARNING * * *
The leopard gecko barely misses you.
Throwing (i - inventory)
d - a throwing net (quivered)
Press: ? - help, Shift-Dir - straight line, f/p - bullfrog
Aim: a bullfrog (moderately wounded)
You throw a throwing net. The throwing net hits the bullfrog.
The bullfrog is caught in the net!
The bullfrog is moderately wounded.
The bullfrog struggles against the net.
The leopard gecko closely misses you.
You hit the bullfrog.
The bullfrog is moderately wounded.
You slash the leopard gecko!
You kill the leopard gecko!
The bullfrog struggles against the net. x2
The net rips apart, and the bullfrog comes free!
Okay, then.
Unknown command.
The bullfrog hits you.
You die...

.# .... #... ..#.#
.#..###.###..#### #.#.#
..$#............# #.#.#
#.##.....>...##.###.#.#
#.#.................#.#########
#.#...........................#
#.# #.....#†..........#######.#
##.###<..)..(.F.............<#.#
#..l##.#...####@........######.#
...#s(l...........#.##........#.#
##...##.....#######.##.#........#
##.######).#[...........###.####
.........†.#.###........# #.#
###########.# #........###.# ..
######.......# ..# ######### ...


You could see a bullfrog.

Vanquished Creatures
  A bullfrog skeleton (D:3)
  3 adders (D:2)
  A worm (D:2)
  2 dart slugs
  3 leopard geckos
  An orc (D:3)
  2 giant cockroaches
  5 hobgoblins
  2 jackals (D:1)
  5 kobolds
  2 quokkas (D:2)
  A ball python (D:2)
  5 bats
  A frilled lizard (D:2)
  3 goblins
  2 rats
39 creatures vanquished.

Notes
Turn   | Place    | Note
-------+----------+-------------------------------------------
     0 | D:1      | Lanoc the Ghoul Gladiator began the quest for the Orb.
     0 | D:1      | Reached XP level 1. HP: 17/17 MP: 0/0
   311 | D:1      | Reached XP level 2. HP: 25/25 MP: 1/1
   519 | D:1      | Found a sparkling altar of Nemelex Xobeh.
  1103 | D:2      | Reached XP level 3. HP: 14/28 MP: 2/2
  1267 | D:2      | Reached skill level 1 in Armour
  1534 | D:2      | Found a white marble altar of Elyvilon.
  1535 | D:2      | Found a blossoming altar of Fedhas.
  1795 | D:2      | Found an opulent altar of Gozag.
  1965 | D:2      | Reached XP level 4. HP: 16/37 MP: 3/3
  2400 | D:3      | Noticed a bullfrog
  2765 | D:3      | Slain by a bullfrog

Levels and vault maps discovered:
D:1:      lemuel_arrival_hallway, layout_basic, wad_floor_pattern_2,
          nemelex_diamond_rough_becter
D:2:      layout_basic, gammafunk_temple_overflow_pools, grunt_gozag_statues
D:3:      layout_basic, old_standard_altar, first_ration, minmay_misc_feat_tower

Skill      XL: |  1  2  3  4 |
---------------+-------------+-----
Axes           | 3 |  3.7
Armour         | 1 |  1.5
Dodging        | 3 |  3.2
Fighting       | 3 |  3.0
Throwing       | |  1.7

Action                   |  1- 3 |  4- 6 || total
-------------------------+-------+-------++-------
Melee: War axe           |    93 |    47 ||   140
Throw: Throwing net      |       |     3 ||     3
  Eat: Chunk             |     5 |     2 ||     7
Armor: Leather armour    |    28 |    23 ||    51
Dodge: Dodged            |    74 |    45 ||   119

Table legend:
 A = Non-vault XP
 B = Vault XP
 C = Vault XP percentage of total XP
 D = Non-vault monster count
 E = Vault monster count
 F = Vault count percentage of total count
                 A         B        C        D         E       F
            +---------+---------+-------+---------+---------+-------
      Total |     154 |       0 |   0.0 |      39 |       0 |   0.0
            +---------+---------+-------+---------+---------+-------
        D:1 |      26 |       0 |   0.0 |      13 |       0 |   0.0
        D:2 |      71 |       0 |   0.0 |      18 |       0 |   0.0
        D:3 |      57 |       0 |   0.0 |       8 |       0 |   0.0
            +---------+---------+-------+---------+---------+-------
